MID
WISCONSIN TIMBER RATTLERS @ WEST VIRGINIA POWER
05/08/2044
 
TOP OF THE 1ST
Wisconsin Timber Rattlers batting - Pitching for West Virginia Power : RHP Josh Markham
Pitching: RHP Josh Markham
Batting: RHB John Freeman 0-0: Ball
1-0: Swinging Strike
1-1: Foul Ball, location: 2F
1-2: Strikes out swinging
Batting: RHB Eddie McCoy 0-0: Foul Ball, location: 2F
0-1: Ball
1-1: Called Strike
1-2: Fly out, F8 (Flyball, 8RD, EV 85.0 MPH)
Batting: LHB Andy Sanchez 0-0: Fly out, F7 (Flyball, 7, EV 97.5 MPH)
Top of the 1st over - 0 runs, 0 hits, 0 errors, 0 left on base; Wisconsin 0 - West Virginia 0
BOTTOM OF THE 1ST
West Virginia Power batting - Pitching for Wisconsin Timber Rattlers : RHP Zachery Waff
Pitching: RHP Zachery Waff
Batting: RHB Ron Corn 0-0: Swinging Strike
0-1: Ball
1-1: Ball
2-1: Ground out 3-1 (Groundball, 34S, EV 66.3 MPH)
Batting: LHB Micah Boshnjaku 0-0: Ball
1-0: Swinging Strike
1-1: Foul Ball, location: 2F
1-2: Strikes out swinging
Batting: SHB Francisco Gutierrez 0-0: SINGLE (Groundball, 4MS, EV 75.0 MPH) (infield hit)
Batting: RHB Tom Primmer 0-0: Ball
Francisco Gutierrez is caught stealing 2nd base 2-4
Bottom of the 1st over - 0 runs, 1 hit, 0 errors, 0 left on base; Wisconsin 0 - West Virginia 0
TOP OF THE 2ND
Wisconsin Timber Rattlers batting - Pitching for West Virginia Power : RHP Josh Markham
Batting: RHB Jeff Cornett 0-0: SINGLE (Groundball, 56D, EV 83.1 MPH) (infield hit)
Batting: RHB Gene Sutton 0-0: Ball
1-0: Called Strike
1-1: Fly out, F4 (Popup, 4, EV 70.6 MPH)
Batting: RHB Dave Bateman 0-0: Ball
1-0: Called Strike
1-1: Ball
2-1: Fielders Choice at 2nd, 3-6 (Groundball, 34S, EV 89.4 MPH)
Batting: RHB Bryant Thies 0-0: Called Strike
0-1: Fielders Choice at 2nd, 5-4 (Groundball, 56, EV 83.1 MPH)
Top of the 2nd over - 0 runs, 1 hit, 0 errors, 1 left on base; Wisconsin 0 - West Virginia 0
BOTTOM OF THE 2ND
West Virginia Power batting - Pitching for Wisconsin Timber Rattlers : RHP Zachery Waff
Batting: RHB Tom Primmer 0-0: Ball
1-0: Called Strike
1-1: Called Strike
1-2: Ball
2-2: Ball
3-2: Base on Balls
Batting: SHB Brad Day 0-0: Ball
1-0: Foul Ball, location: 2F
1-1: SINGLE (Line Drive, 4D, EV 101.9 MPH)
Tom Primmer to second
Batting: RHB Jose Lozano 0-0: Ball
1-0: Swinging Strike
1-1: Swinging Strike
1-2: Foul Ball, location: 2F
1-2: Strikes out swinging
Batting: RHB Ted Goldblatt 0-0: Called Strike
0-1: Called Strike
0-2: SINGLE (Groundball, 34D, EV 95.0 MPH)
Tom Primmer to third
Brad Day to second
Runner from 3rd tries for Home, throw by RF and OUT! 9-2
Batting: LHB Justin Harris 0-0: Ball
1-0: Ball
2-0: Ball
3-0: Base on Balls
Brad Day to third
Ted Goldblatt to second
Batting: RHB Jesus Marquez 0-0: Ball
1-0: Ground out 6-3 (Groundball, 6S, EV 82.5 MPH)
Bottom of the 2nd over - 0 runs, 2 hits, 0 errors, 3 left on base; Wisconsin 0 - West Virginia 0
TOP OF THE 3RD
Wisconsin Timber Rattlers batting - Pitching for West Virginia Power : RHP Josh Markham
Batting: RHB Raymond Young 0-0: Called Strike
0-1: Fly out, F8 (Flyball, 8LM, EV 88.1 MPH)
Batting: RHB Tyler Badillo 0-0: Ball
1-0: Foul Ball, location: 2F
1-1: SINGLE (Groundball, 6MD, EV 95.6 MPH)
Batting: RHB John Freeman 0-0: Ball
1-0: Foul Ball, location: 2F
1-1: Swinging Strike
1-2: Ball
2-2: Strikes out swinging
Batting: RHB Eddie McCoy 0-0: Foul Ball, location: 2F
0-1: Ball
1-1: Ball
2-1: Foul Ball, location: 2F
2-2: Strikes out swinging
Top of the 3rd over - 0 runs, 1 hit, 0 errors, 1 left on base; Wisconsin 0 - West Virginia 0
BOTTOM OF THE 3RD
West Virginia Power batting - Pitching for Wisconsin Timber Rattlers : RHP Zachery Waff
Batting: RHB Ron Corn 0-0: Swinging Strike
0-1: Swinging Strike
0-2: Ball
1-2: Foul Ball, location: 2F
1-2: Foul Ball, location: 2F
1-2: Ball
2-2: Foul Ball, location: 2F
2-2: Ball
3-2: Foul Ball, location: 2F
3-2: Ground out 4-3 (Groundball, 4, EV 98.8 MPH)
Batting: LHB Micah Boshnjaku 0-0: Foul Ball, location: 2F
0-1: Foul Ball, location: 2F
0-2: Foul Ball, location: 2F
0-2: Strikes out swinging
Batting: SHB Francisco Gutierrez 0-0: Called Strike
0-1: Called Strike
0-2: SOLO HOME RUN (Flyball, 9D, EV 100.0 MPH), Distance : 369 ft
Batting: RHB Tom Primmer 0-0: Called Strike
0-1: Fly out, F7 (Flyball, 7LS, EV 83.1 MPH)
Bottom of the 3rd over - 1 run, 1 hit, 0 errors, 0 left on base; Wisconsin 0 - West Virginia 1
TOP OF THE 4TH
Wisconsin Timber Rattlers batting - Pitching for West Virginia Power : RHP Josh Markham
Batting: LHB Andy Sanchez 0-0: Foul Ball, location: 2F
0-1: Ball
1-1: Foul Ball, location: 2F
1-2: Ball
2-2: Strikes out looking
Batting: RHB Jeff Cornett 0-0: Ball
1-0: SINGLE (Groundball, 6MD, EV 105.6 MPH)
Batting: RHB Gene Sutton 0-0: Ball
1-0: Fly out, F2 (Popup, 23F, EV 85.0 MPH)
Batting: RHB Dave Bateman 0-0: Foul Ball, location: 2F
0-1: Ball
1-1: Foul Ball, location: 2F
1-2: Foul Ball, location: 2F
1-2: SINGLE (Groundball, 56D, EV 106.3 MPH)
Jeff Cornett to second
Batting: RHB Bryant Thies 0-0: Ball
1-0: Swinging Strike
1-1: Fielders Choice at 2nd, 6-4 (Groundball, 6, EV 101.9 MPH)
Top of the 4th over - 0 runs, 2 hits, 0 errors, 2 left on base; Wisconsin 0 - West Virginia 1
BOTTOM OF THE 4TH
West Virginia Power batting - Pitching for Wisconsin Timber Rattlers : RHP Zachery Waff
Batting: SHB Brad Day 0-0: Called Strike
0-1: Ball
1-1: Foul Ball, location: 2F
1-2: Ball
2-2: Ball
3-2: Fly out, F7 (Flyball, 78S, EV 83.8 MPH)
Batting: RHB Jose Lozano 0-0: Ball
1-0: Foul Ball, location: 2F
1-1: Called Strike
1-2: Ball
2-2: Ground out 6-3 (Groundball, 56, EV 86.9 MPH)
Batting: RHB Ted Goldblatt 0-0: Called Strike
0-1: Ground out 4-3 (Groundball, 4, EV 89.4 MPH)
Bottom of the 4th over - 0 runs, 0 hits, 0 errors, 0 left on base; Wisconsin 0 - West Virginia 1
TOP OF THE 5TH
Wisconsin Timber Rattlers batting - Pitching for West Virginia Power : RHP Josh Markham
Batting: RHB Raymond Young 0-0: Ground out 6-3 (Groundball, 6M, EV 83.1 MPH)
Batting: RHB Tyler Badillo 0-0: Called Strike
0-1: Foul Ball, location: 2F
0-2: Strikes out looking
Batting: RHB John Freeman 0-0: Ball
1-0: Ball
2-0: Swinging Strike
2-1: Foul Ball, location: 2F
2-2: Strikes out swinging
Top of the 5th over - 0 runs, 0 hits, 0 errors, 0 left on base; Wisconsin 0 - West Virginia 1
BOTTOM OF THE 5TH
West Virginia Power batting - Pitching for Wisconsin Timber Rattlers : RHP Zachery Waff
Batting: LHB Justin Harris 0-0: Called Strike
0-1: Ball
1-1: Foul Ball, location: 2F
1-2: Foul Ball, location: 2F
1-2: Ground out 4-3 (Groundball, 4, EV 93.8 MPH)
Batting: RHB Jesus Marquez 0-0: DOUBLE (Line Drive, 89D, EV 106.3 MPH)
Batting: RHB Ron Corn 0-0: Ball
1-0: SINGLE (Groundball, 4MD, EV 106.3 MPH)
Jesus Marquez to third
Batting: LHB Micah Boshnjaku 0-0: Ball
1-0: Ball
2-0: Foul Ball, location: 2F
2-1: Called Strike
2-2: Strikes out looking
Batting: SHB Francisco Gutierrez 0-0: Called Strike
0-1: Ball
1-1: Ball
2-1: Ground out 4-3 (Groundball, 4, EV 83.1 MPH)
Bottom of the 5th over - 0 runs, 2 hits, 0 errors, 2 left on base; Wisconsin 0 - West Virginia 1
TOP OF THE 6TH
Wisconsin Timber Rattlers batting - Pitching for West Virginia Power : RHP Josh Markham
Batting: RHB Eddie McCoy 0-0: Foul Ball, location: 2F
0-1: Ball
1-1: Ball
2-1: Ball
3-1: Base on Balls
Batting: LHB Andy Sanchez 0-0: Ball
1-0: Ball
2-0: Foul Ball, location: 2F
2-1: Foul Ball, location: 2F
2-2: Ball
3-2: Fly out, F9 (Flyball, 9LS, EV 90.6 MPH)
Batting: RHB Jeff Cornett 0-0: Called Strike
0-1: Swinging Strike
0-2: Foul Ball, location: 2F
0-2: Foul Ball, location: 2F
0-2: Ball
1-2: Ball
2-2: Fielders Choice at 2nd, 6-4 (Groundball, 6, EV 88.1 MPH)
Batting: RHB Gene Sutton 0-0: SINGLE (Groundball, 34D, EV 95.0 MPH)
Jeff Cornett to second
Runner from 2nd tries for 3rd, SAFE, throw by RF made to third
Batting: RHB Dave Bateman 0-0: Ball
1-0: Ball
2-0: Ball
Wild Pitch!
Jeff Cornett scores
Gene Sutton to second
3-0: Called Strike
3-1: Swinging Strike
3-2: Foul Ball, location: 2F
3-2: Fly out, F8 (Flyball, 8LD, EV 85.6 MPH)
Top of the 6th over - 1 run, 1 hit, 0 errors, 1 left on base; Wisconsin 1 - West Virginia 1
BOTTOM OF THE 6TH
West Virginia Power batting - Pitching for Wisconsin Timber Rattlers : RHP Zachery Waff
Pitching: RHP Joe Shaw
Batting: RHB Tom Primmer 0-0: Ball
1-0: Called Strike
1-1: Foul Ball, location: 2F
1-2: DOUBLE (Popup, 4MD, EV 60.0 MPH)
Batting: SHB Brad Day 0-0: Ball
1-0: Fly out, F5 (Popup, 5SF, EV 68.1 MPH)
Batting: RHB Jose Lozano 0-0: Ball
1-0: Called Strike
1-1: Ball
2-1: Ball
Wild Pitch!
Tom Primmer to third
3-1: Called Strike
3-2: SINGLE (Groundball, 56, EV 103.8 MPH)
Tom Primmer scores
Batting: RHB Ted Goldblatt 0-0: Ball
1-0: SINGLE (Groundball, 6MD, EV 109.4 MPH)
Jose Lozano to second
Batting: LHB Justin Harris 0-0: Called Strike
0-1: Ball
1-1: Ball
2-1: Swinging Strike
2-2: Grounds into double play, 4-6-3 (Groundball, 4M, EV 79.4 MPH)
Bottom of the 6th over - 1 run, 3 hits, 0 errors, 1 left on base; Wisconsin 1 - West Virginia 2
TOP OF THE 7TH
Wisconsin Timber Rattlers batting - Pitching for West Virginia Power : RHP Josh Markham
Batting: RHB Bryant Thies 0-0: DOUBLE (Flyball, 8RXD, EV 101.9 MPH)
Batting: RHB Raymond Young 0-0: Foul Ball, location: 2F
0-1: SINGLE (Groundball, 34D, EV 101.9 MPH)
Bryant Thies to third
Runner from 3rd tries for Home, throw by RF and OUT! 9-2
Raymond Young to second
Batting: RHB Tyler Badillo 0-0: Called Strike
0-1: Ground out 6-3 (Groundball, 6, EV 108.1 MPH)
Batting: RHB John Freeman 0-0: Ball
1-0: Ball
2-0: Foul Ball, location: 2F
2-1: Foul Ball, location: 2F
2-2: Strikes out swinging
Top of the 7th over - 0 runs, 2 hits, 0 errors, 1 left on base; Wisconsin 1 - West Virginia 2
BOTTOM OF THE 7TH
West Virginia Power batting - Pitching for Wisconsin Timber Rattlers : RHP Joe Shaw
Pitching: RHP Brian Harper
Batting: RHB Jesus Marquez 0-0: SINGLE (Groundball, 13S, EV 69.4 MPH) (infield hit)
Batting: RHB Ron Corn 0-0: Called Strike
Jesus Marquez steals 2nd base
0-1: Fly out, F4 (Popup, 34S, EV 72.5 MPH)
Batting: LHB Micah Boshnjaku 0-0: Ball
1-0: Swinging Strike
1-1: Ball
Jesus Marquez steals 3rd, throwing error, E2
Jesus Marquez scores
2-1: Ball
3-1: Base on Balls
Batting: SHB Francisco Gutierrez 0-0: Foul Ball, location: 2F
0-1: Called Strike
0-2: Ball
1-2: Fly out, F6 (Popup, 6MD, EV 59.4 MPH)
Batting: RHB Tom Primmer 0-0: Called Strike
Micah Boshnjaku steals 2nd base
0-1: Ball
1-1: Called Strike
1-2: Ball
2-2: Ball
3-2: Strikes out looking
Bottom of the 7th over - 1 run, 1 hit, 1 error, 1 left on base; Wisconsin 1 - West Virginia 3
TOP OF THE 8TH
Wisconsin Timber Rattlers batting - Pitching for West Virginia Power : RHP Josh Markham
Pitching: RHP Jason Cobb
Batting: RHB Eddie McCoy 0-0: Foul Ball, location: 2F
0-1: Swinging Strike
0-2: Ball
1-2: Strikes out swinging
Batting: LHB Andy Sanchez 0-0: Fly out, F7 (Flyball, 78M, EV 87.5 MPH)
Batting: RHB Jeff Cornett 0-0: Ground out 6-3 (Groundball, 6, EV 86.9 MPH)
Top of the 8th over - 0 runs, 0 hits, 0 errors, 0 left on base; Wisconsin 1 - West Virginia 3
BOTTOM OF THE 8TH
West Virginia Power batting - Pitching for Wisconsin Timber Rattlers : RHP Brian Harper
Pitching: RHP Daniel Kaefer
Batting: SHB Brad Day 0-0: Foul Ball, location: 2F
0-1: Ball
1-1: SINGLE (Flyball, 8LS, EV 85.0 MPH)
Batting: RHB Jose Lozano 0-0: Called Strike
Brad Day steals 2nd base
0-1: Ball
1-1: Foul Ball, location: 2F
1-2: Strikes out swinging
Batting: RHB Ted Goldblatt 0-0: Called Strike
Brad Day steals 3rd base
0-1: Swinging Strike
0-2: Ball
1-2: Ball
2-2: Ball
3-2: Fly out, F9 (Flyball, 9S, EV 95.6 MPH)
Batting: LHB Justin Harris 0-0: Ball
1-0: Swinging Strike
1-1: SINGLE (Groundball, 34D, EV 104.4 MPH)
Brad Day scores
Batting: RHB Jesus Marquez 0-0: Called Strike
0-1: Ball
1-1: Ball
2-1: Ball
3-1: Ground out 5-3 (Groundball, 56S, EV 91.3 MPH)
Bottom of the 8th over - 1 run, 2 hits, 0 errors, 1 left on base; Wisconsin 1 - West Virginia 4
TOP OF THE 9TH
Wisconsin Timber Rattlers batting - Pitching for West Virginia Power : RHP Jason Cobb
Pitching: RHP Troy Conners
Batting: RHB Gene Sutton 0-0: Called Strike
0-1: Ground out 1-3 (Groundball, 13S, EV 68.8 MPH)
Batting: RHB Dave Bateman 0-0: Ball
1-0: Ground out 5-3 (Groundball, 56, EV 78.8 MPH)
Batting: RHB Bryant Thies 0-0: Foul Ball, location: 2F
0-1: Ball
1-1: SOLO HOME RUN (Line Drive, 9D, EV 95.0 MPH), Distance : 361 ft
Batting: RHB Raymond Young 0-0: Swinging Strike
0-1: Ball
1-1: Called Strike
1-2: Ball
2-2: Ball
3-2: Strikes out swinging
Top of the 9th over - 1 run, 1 hit, 0 errors, 0 left on base; Wisconsin 2 - West Virginia 4
Thursday, March 31st , 2022 - OOTP Baseball 22.12 Build 89